 Dungeon Crawl Stone Soup version 0.24-a0-335-g06ca16a (webtiles) character file.

Game seed: 16377086272531919202

335 Lanoc the Slasher (level 6, -1/55 HPs)
             Began as a Draconian Monk on May 19, 2019.
             Killed by nerve-wracking pain
             ... invoked by an orc priest
              (10 damage)
             ... on level 4 of the Dungeon.
             The game lasted 00:04:07 (2520 turns).

Lanoc the Slasher (Draconian Monk)                  Turns: 2520, Time: 00:04:09

Health: -1/55      AC:  6    Str: 18    XL:     6   Next: 28%
Magic:  6/6        EV: 14    Int: 10    God:
Gold:   147        SH:  0    Dex: 16    Spells: 5/5 levels left

rFire    . . .     SeeInvis .   a - +0 falchion
rCold    . . .     Gourm    .   (no shield)
rNeg     . . .     Faith    .   (armour unavailable)
rPois    .         Spirit   .   (helmet restricted)
rElec    .         Reflect  .   (no cloak)
rCorr    .         Harm     .   (no gloves)
MR       .....                  (no boots)
Stlth    ++........             (no amulet)
HPRegen  0.18/turn              (no ring)
MPRegen  0.10/turn              (no ring)

@: mighty
A: unfitting armour, cold-blooded, AC +6
a: no special abilities


You were on level 4 of the Dungeon.
You were not hungry.

You visited 1 branch of the dungeon, and saw 4 of its levels.

You collected 147 gold pieces.

Inventory:

Hand Weapons
 a - a +0 falchion (weapon)
Armour
 n - a +0 shield
Wands
 h - a wand of polymorph (8)
 l - a wand of digging (7)
Scrolls
 c - a scroll of teleportation
 f - 4 scrolls of remove curse
 g - 2 scrolls of identify
 j - 2 scrolls of blinking
Potions
 d - a potion of magic
 i - 2 potions of agility
 k - a potion of mutation
Comestibles
 b - 8 rations
 m - a chunk of flesh


   Skills:
 + Level 4.8 Fighting
 * Level 5.4 Long Blades
 + Level 3.9 Dodging
 - Level 1.7 Stealth


You had 5 spell levels left.
You didn't know any spells.
Your spell library contained the following spells:

 Spells                   Type           Power        Failure   Level  Hunger
 Animate Skeleton         Necr           N/A          36%         1    ##.....
 Apportation              Tloc           #.....       36%         1    ##.....
 Confusing Touch          Hex            #.....       36%         1    ##.....
 Summon Small Mammal      Summ           #...         36%         1    ##.....


Dungeon Overview and Level Annotations

Branches:
Dungeon (4/15)
 Temple: D:4-7

Altars:
Elyvilon
Gozag
The Shining One


Innate Abilities, Weirdness & Mutations

Your plain brown scales are hard. (AC +6)
You cannot fit into any form of body armour.
You are cold-blooded and may be slowed by cold attacks.


Message History

You feel very mighty all of a sudden.
The orc priest hits you with a cursed -2 flail.
The orc hits you but does no damage.
You completely miss the orc priest. The orc hits you but does no damage.
The orc priest mumbles some strange prayers to Beogh against you.
Beogh smites you!
* * * LOW HITPOINT WARNING * * *
You feel mightier all of a sudden. The orc closely misses you.
The orc priest misses you.
It was a potion of magic.
Magic courses through your body. The orc completely misses you.
The orc priest hits you but does no damage.
You slash the orc priest!
The orc priest is heavily wounded.
The orc closely misses you.
You closely miss the orc priest.
The orc priest is heavily wounded.
The orc priest invokes the aid of Beogh against you.
Pain shoots through your body!
You die...

♣♣≈ #≈≈ ♣♣
#.....##.###♣ ♣≈
#.....#.....# ..+
#.....#.....# ..#
####.....#..##.# ..#
#..#.....##'##.###..###
...#.....#..#...).....#
...#.....#..#..o@o....#
...#.....'..#.........#
...#.....#..#.#########
...#.....#..#. #>##
#..#.....##.## ...8#
#..#...(..#.# ....#
...#.÷....#.. ...._
...'......#..+ ....##
'###......####


You could see an orc priest and an orc.

Vanquished Creatures
  Sigmund (D:2)
  A phantom (D:4)
  3 adders
  An ooze (D:3)
  2 worms (D:3)
  3 dart slugs
  A leopard gecko (D:2)
  4 orcs
  6 bats
  2 giant cockroaches (D:2)
  7 goblins
  4 hobgoblins
  5 jackals
  6 kobolds
  2 quokkas
  A frilled lizard (D:1)
  3 rats (D:1)
52 creatures vanquished.

Notes
Turn   | Place    | Note
-------+----------+-------------------------------------------
     0 | D:1      | Lanoc the Draconian Monk began the quest for the Orb.
     0 | D:1      | Reached XP level 1. HP: 19/19 MP: 1/1
   152 | D:1      | Reached XP level 2. HP: 26/26 MP: 2/2
   361 | D:2      | Noticed Sigmund
   379 | D:2      | Killed Sigmund
   379 | D:2      | Reached skill level 4 in Long Blades
   379 | D:2      | Reached XP level 3. HP: 10/34 MP: 3/3
   379 | D:2      | Reached XP level 4. HP: 12/41 MP: 4/4
   379 | D:2      | Reached XP level 5. HP: 14/47 MP: 5/5
   952 | D:2      | Found a white marble altar of Elyvilon.
  1658 | D:3      | Reached skill level 5 in Long Blades
  1727 | D:3      | Found an opulent altar of Gozag.
  2127 | D:4      | Found a glowing golden altar of the Shining One.
  2145 | D:4      | Noticed a phantom
  2186 | D:4      | Killed a phantom
  2186 | D:4      | Reached XP level 6. HP: 17/55 MP: 6/6
  2508 | D:4      | Found a white marble altar of Elyvilon.
  2520 | D:4      | Killed from afar by an orc priest

Levels and vault maps discovered:
D:1:      dpeg_arrival_subterranean_lakeside_camping, layout_loops_ring,
          nrook_loot_triangle, minivault_5
D:2:      layout_loops_ring, chequers_serial_rivers_large_a, elyvilon_altar_3,
          uniq_sigmund
D:3:      layout_loops_ring, nicolae_gozag_cash_rules_everything_around_me
D:4:      layout_gridville, kennysheep_mini, nicolae_overflow_hidden_temple,
          first_ration, serial_bayou_lake_a, uniq_purgy, uniq_grinder

Skill      XL: |  1  2  3  4  5 |
---------------+----------------+-----
Fighting       | 4 |  4.8
Long Blades    | 4 5 |  5.4
Dodging        | 3 |  3.9
Stealth        | |  1.7

Action                   |  1- 3 |  4- 6 || total
-------------------------+-------+-------++-------
Melee: Falchion          |    51 |   157 ||   208
       Tailslap          |     6 |    22 ||    28
  Use: Potion            |     1 |     4 ||     5
       Scroll            |       |     6 ||     6
 Stab: Sleeping          |     2 |     7 ||     9
  Eat: Chunk             |       |     5 ||     5
Armor: Skin              |     8 |    24 ||    32
Dodge: Dodged            |    27 |   102 ||   129
       Rpst.: Falchion   |    10 |    25 ||    35

Table legend:
 A = Non-vault XP
 B = Vault XP
 C = Vault XP percentage of total XP
 D = Non-vault monster count
 E = Vault monster count
 F = Vault count percentage of total count
                 A         B        C        D         E       F
            +---------+---------+-------+---------+---------+-------
      Total |     262 |     217 |  45.3 |      45 |       7 |  13.5
            +---------+---------+-------+---------+---------+-------
        D:1 |      18 |       9 |  33.3 |       9 |       6 |  40.0
        D:2 |      29 |     208 |  87.8 |       9 |       1 |  10.0
        D:3 |      70 |       0 |   0.0 |      19 |       0 |   0.0
        D:4 |     145 |       0 |   0.0 |       8 |       0 |   0.0
            +---------+---------+-------+---------+---------+-------
